TOP OF THE 1ST |
Colorado Avalanche batting - Pitching for Palm Beach Nationals : RHP Manny Mendoza
|
Pitching: RHP Manny Mendoza
|
|
Batting: LHB Mick Tucker
|
0-0: Foul Ball, location: 2F 0-1: Ball 1-1: Ball 2-1: Swinging Strike 2-2: SOLO HOME RUN (Flyball, 9LD, EV 95.0 MPH), Distance : 342 ft
|
Batting: RHB Chris Tatum
|
0-0: Ball 1-0: Foul Ball, location: 2F 1-1: Ball 2-1: Foul Ball, location: 2F 2-2: Foul Ball, location: 2F 2-2: Foul Ball, location: 2F 2-2: Foul Ball, location: 2F 2-2: Foul Ball, location: 2F 2-2: Foul Ball, location: 2F 2-2: Foul Ball, location: 2F 2-2: Ball 3-2: Ground out 5-3 (Groundball, 56, EV 85.0 MPH)
|
Batting: LHB Glenn Lowther
|
0-0: Ball 1-0: Called Strike 1-1: Ground out 5-3 (Groundball, 5, EV 82.5 MPH)
|
Batting: SHB Ken Griffey IV
|
0-0: Called Strike 0-1: Called Strike 0-2: Foul Ball, location: 2F 0-2: Strikes out swinging
|
Top of the 1st over - 1 run, 1 hit, 0 errors, 0 left on base; Colorado 1 - Palm Beach 0 |
BOTTOM OF THE 1ST |
Palm Beach Nationals batting - Pitching for Colorado Avalanche : RHP Don Carriere
|
Pitching: RHP Don Carriere
|
|
Batting: RHB Aaron Bateman
|
0-0: Ball 1-0: Ball 2-0: Foul Ball, location: 2F 2-1: Ground out 6-3 (Groundball, 6, EV 81.9 MPH)
|
Batting: LHB Carlos Guadarrama
|
0-0: Ball 1-0: Foul Ball, location: 2F 1-1: Ground out 5-3 (Groundball, 56S, EV 70.0 MPH)
|
Batting: RHB Vasag Semerjian
|
0-0: Ball 1-0: Ball 2-0: Called Strike 2-1: Ball 3-1: Foul Ball, location: 2F 3-2: Base on Balls
|
Batting: LHB Mike Hamilton
|
0-0: Foul Ball, location: 2F 0-1: Ball 1-1: Ground out 6-3 (Groundball, 6M, EV 97.5 MPH)
|
Bottom of the 1st over - 0 runs, 0 hits, 0 errors, 1 left on base; Colorado 1 - Palm Beach 0 |
TOP OF THE 2ND |
Colorado Avalanche batting - Pitching for Palm Beach Nationals : RHP Manny Mendoza
|
Batting: RHB Wali Mulogo
|
0-0: Called Strike 0-1: Foul Ball, location: 2F 0-2: Strikes out swinging
|
Batting: LHB Zane Kelton
|
0-0: Ball 1-0: Ball 2-0: Ball 3-0: Base on Balls
|
Batting: RHB Bob Hayes
|
0-0: Foul Ball, location: 2F 0-1: Fly out, F8 (Flyball, 8RXD, EV 101.9 MPH)
|
Batting: RHB Seisaburo Edagawa
|
0-0: Called Strike 0-1: Ball 1-1: Foul Ball, location: 2F 1-2: Fly out, F7 (Flyball, 78M, EV 88.1 MPH)
|
Top of the 2nd over - 0 runs, 0 hits, 0 errors, 1 left on base; Colorado 1 - Palm Beach 0 |
BOTTOM OF THE 2ND |
Palm Beach Nationals batting - Pitching for Colorado Avalanche : RHP Don Carriere
|
Batting: RHB Kenny Ball
|
0-0: Called Strike 0-1: Ball 1-1: Foul Ball, location: 2F 1-2: Ground out 6-3 (Groundball, 56D, EV 99.4 MPH)
|
Batting: RHB Alex Martinez
|
0-0: Ball 1-0: Ball 2-0: Called Strike 2-1: Ball 3-1: Base on Balls
|
Batting: RHB Joe Simmelink
|
0-0: Ball 1-0: Ball 2-0: Ball 3-0: Called Strike 3-1: Base on Balls Alex Martinez to second
|
Batting: RHB Franklin Ortega
|
0-0: Swinging Strike 0-1: Fly out, F8 (Flyball, 8LD, EV 96.9 MPH)
|
Batting: RHB Armando Moreno
|
0-0: Called Strike 0-1: Called Strike 0-2: Ball 1-2: Ball 2-2: Strikes out swinging
|
Bottom of the 2nd over - 0 runs, 0 hits, 0 errors, 2 left on base; Colorado 1 - Palm Beach 0 |
TOP OF THE 3RD |
Colorado Avalanche batting - Pitching for Palm Beach Nationals : RHP Manny Mendoza
|
Batting: RHB Mike Chiquete
|
0-0: Foul Ball, location: 2F 0-1: Swinging Strike 0-2: Ball 1-2: Strikes out swinging
|
Batting: LHB Mick Tucker
|
0-0: Fly out, F8 (Flyball, 8LD, EV 72.5 MPH)
|
Batting: RHB Chris Tatum
|
0-0: Foul Ball, location: 2F 0-1: Foul Ball, location: 2F 0-2: Ball 1-2: Hit by Pitch
|
Batting: LHB Glenn Lowther
|
0-0: Foul Ball, location: 2F 0-1: Ball 1-1: Fielders Choice at 2nd, 6-4 (Groundball, 6, EV 91.9 MPH)
|
Top of the 3rd over - 0 runs, 0 hits, 0 errors, 1 left on base; Colorado 1 - Palm Beach 0 |
BOTTOM OF THE 3RD |
Palm Beach Nationals batting - Pitching for Colorado Avalanche : RHP Don Carriere
|
Batting: RHB Aaron Bateman
|
0-0: Called Strike 0-1: Ground out 6-3 (Groundball, 6M, EV 106.2 MPH)
|
Batting: LHB Carlos Guadarrama
|
0-0: Swinging Strike 0-1: Ball 1-1: Ground out 5-3 (Groundball, 56, EV 90.6 MPH)
|
Batting: RHB Vasag Semerjian
|
0-0: Foul Ball, location: 2F 0-1: Foul Ball, location: 2F 0-2: Foul Ball, location: 2F 0-2: Foul Ball, location: 2F 0-2: Ball 1-2: Ball 2-2: Foul Ball, location: 2F 2-2: Fly out, F7 (Line Drive, 78M, EV 90.6 MPH)
|
Bottom of the 3rd over - 0 runs, 0 hits, 0 errors, 0 left on base; Colorado 1 - Palm Beach 0 |
TOP OF THE 4TH |
Colorado Avalanche batting - Pitching for Palm Beach Nationals : RHP Manny Mendoza
|
Batting: SHB Ken Griffey IV
|
0-0: Called Strike 0-1: Ball 1-1: Ball 2-1: Ball 3-1: Base on Balls
|
Batting: RHB Wali Mulogo
|
0-0: Called Strike Ken Griffey IV steals 2nd base 0-1: Called Strike 0-2: Foul Ball, location: 2F 0-2: Ball 1-2: SINGLE (Line Drive, 4D, EV 99.4 MPH) Ken Griffey IV to third
|
Batting: LHB Zane Kelton
|
0-0: Foul Ball, location: 2F 0-1: Fielders Choice at 2nd, 4-6 (Groundball, 34S, EV 86.2 MPH) Ken Griffey IV scores
|
Batting: RHB Bob Hayes
|
0-0: Foul Ball, location: 2F 0-1: Called Strike 0-2: Foul Ball, location: 2F 0-2: Foul Ball, location: 2F 0-2: Ball 1-2: Strikes out swinging
|
Batting: RHB Seisaburo Edagawa
|
0-0: Swinging Strike 0-1: Ball Zane Kelton steals 2nd, throwing error, E2 Zane Kelton to third 1-1: Ball 2-1: Fly out, F3 (Popup, 3S, EV 63.1 MPH)
|
Top of the 4th over - 1 run, 1 hit, 1 error, 1 left on base; Colorado 2 - Palm Beach 0 |
BOTTOM OF THE 4TH |
Palm Beach Nationals batting - Pitching for Colorado Avalanche : RHP Don Carriere
|
Batting: LHB Mike Hamilton
|
0-0: Called Strike 0-1: SOLO HOME RUN (Flyball, 89XD, EV 108.1 MPH), Distance : 438 ft
|
Batting: RHB Kenny Ball
|
0-0: Swinging Strike 0-1: Foul Ball, location: 2F 0-2: Foul Ball, location: 2F 0-2: Ball 1-2: Strikes out looking
|
Batting: RHB Alex Martinez
|
0-0: Ball 1-0: Fly out, F8 (Flyball, 89S, EV 84.4 MPH)
|
Batting: RHB Joe Simmelink
|
0-0: Fly out, F8 (Flyball, 8LD, EV 98.1 MPH)
|
Bottom of the 4th over - 1 run, 1 hit, 0 errors, 0 left on base; Colorado 2 - Palm Beach 1 |
TOP OF THE 5TH |
Colorado Avalanche batting - Pitching for Palm Beach Nationals : RHP Manny Mendoza
|
Batting: RHB Mike Chiquete
|
0-0: Ball 1-0: Ball 2-0: Called Strike 2-1: Foul Ball, location: 2F 2-2: Ball 3-2: Base on Balls
|
Batting: LHB Mick Tucker
|
0-0: Called Strike Mike Chiquete steals 2nd base (no throw) 0-1: Fly out, F7 (Flyball, 7S, EV 88.8 MPH)
|
Batting: RHB Chris Tatum
|
0-0: 2-RUN HOME RUN (Flyball, 7D, EV 101.2 MPH), Distance : 410 ft
|
Batting: LHB Glenn Lowther
|
0-0: Foul Ball, location: 2F 0-1: Foul Ball, location: 2F 0-2: Foul Ball, location: 2F 0-2: Ball 1-2: Ball 2-2: Ball 3-2: Foul Ball, location: 2F 3-2: Ground out 5-3 (Groundball, 5, EV 90.0 MPH)
|
Batting: SHB Ken Griffey IV
|
0-0: Ball 1-0: SINGLE (Line Drive, 7LS, EV 102.5 MPH)
|
Batting: RHB Wali Mulogo
|
0-0: Foul Ball, location: 2F 0-1: Ball 1-1: Ball 2-1: Foul Ball, location: 2F 2-2: Ball 3-2: Foul Ball, location: 2F 3-2: Foul Ball, location: 2F 3-2: Base on Balls Ken Griffey IV to second
|
Pitching: RHP Kareem Linz
|
|
Batting: LHB Zane Kelton
|
0-0: Ball 1-0: Ball 2-0: Ball 3-0: Called Strike 3-1: Swinging Strike 3-2: Fly out, F8 (Flyball, 8LD, EV 86.9 MPH)
|
Top of the 5th over - 2 runs, 2 hits, 0 errors, 2 left on base; Colorado 4 - Palm Beach 1 |
BOTTOM OF THE 5TH |
Palm Beach Nationals batting - Pitching for Colorado Avalanche : RHP Don Carriere
|
Batting: RHB Franklin Ortega
|
0-0: Ground out 4-3 (Groundball, 4MD, EV 101.9 MPH)
|
Batting: RHB Armando Moreno
|
0-0: Ball 1-0: Foul Ball, location: 2F 1-1: Ball 2-1: Called Strike 2-2: Ball 3-2: Strikes out swinging
|
Batting: RHB Aaron Bateman
|
0-0: DOUBLE (Line Drive, 3D, EV 93.8 MPH)
|
Batting: LHB Carlos Guadarrama
|
0-0: Ball 1-0: Fly out, F9 (Flyball, 89S, EV 80.6 MPH)
|
Bottom of the 5th over - 0 runs, 1 hit, 0 errors, 1 left on base; Colorado 4 - Palm Beach 1 |
TOP OF THE 6TH |
Colorado Avalanche batting - Pitching for Palm Beach Nationals : RHP Kareem Linz
|
Batting: RHB Bob Hayes
|
0-0: Ball 1-0: Ball 2-0: Ball 3-0: Called Strike 3-1: Base on Balls
|
Batting: RHB Seisaburo Edagawa
|
0-0: Ball 1-0: Called Strike 1-1: Fly out, F8 (Line Drive, 89M, EV 88.1 MPH)
|
Batting: RHB Mike Chiquete
|
0-0: Called Strike 0-1: Grounds into double play, 4-6-3 (Groundball, 4, EV 81.2 MPH)
|
Top of the 6th over - 0 runs, 0 hits, 0 errors, 0 left on base; Colorado 4 - Palm Beach 1 |
BOTTOM OF THE 6TH |
Palm Beach Nationals batting - Pitching for Colorado Avalanche : RHP Don Carriere
|
Batting: RHB Vasag Semerjian
|
0-0: Ball 1-0: Swinging Strike 1-1: Ball 2-1: Ball 3-1: Called Strike 3-2: Base on Balls
|
Batting: LHB Mike Hamilton
|
0-0: Ball 1-0: Fly out, F9 (Flyball, 89M, EV 90.0 MPH)
|
Batting: RHB Kenny Ball
|
0-0: Called Strike 0-1: Fly out, F8 (Flyball, 8LD, EV 90.6 MPH)
|
Batting: RHB Alex Martinez
|
0-0: Ball 1-0: Foul Ball, location: 2F 1-1: Ball 2-1: Foul Ball, location: 2F 2-2: Ball 3-2: SINGLE (Line Drive, 9S, EV 90.0 MPH) Vasag Semerjian to second Vasag Semerjian to third
|
Batting: RHB Joe Simmelink
|
0-0: Called Strike 0-1: Ball 1-1: Called Strike 1-2: Fielders Choice at 2nd, 6-4 (Groundball, 6, EV 91.9 MPH)
|
Bottom of the 6th over - 0 runs, 1 hit, 0 errors, 2 left on base; Colorado 4 - Palm Beach 1 |
TOP OF THE 7TH |
Colorado Avalanche batting - Pitching for Palm Beach Nationals : RHP Kareem Linz
|
Batting: LHB Mick Tucker
|
0-0: Ball 1-0: Ball 2-0: Ball 3-0: Base on Balls
|
Batting: RHB Chris Tatum
|
0-0: Ball 1-0: Foul Ball, location: 2F 1-1: Swinging Strike 1-2: Ball 2-2: Ball 3-2: Foul Ball, location: 2F 3-2: 2-RUN HOME RUN (Flyball, 7D, EV 98.8 MPH), Distance : 404 ft
|
Batting: LHB Glenn Lowther
|
0-0: Ball 1-0: Ball 2-0: Ball 3-0: Base on Balls
|
Batting: SHB Ken Griffey IV
|
0-0: Ball 1-0: Foul Ball, location: 2F 1-1: Foul Ball, location: 2F 1-2: DOUBLE (Flyball, 8RXD, EV 108.1 MPH) Glenn Lowther to third
|
Batting: RHB Wali Mulogo
|
0-0: Ball 1-0: Called Strike 1-1: Foul Ball, location: 2F 1-2: Foul Ball, location: 2F 1-2: Fly out, F9 (Flyball, 9, EV 80.6 MPH) Runner from 3rd tags up, SCORES, throw by RF Ken Griffey IV to third
|
Batting: LHB Zane Kelton
|
0-0: Ball 1-0: Called Strike 1-1: Ball 2-1: Foul Ball, location: 2F 2-2: Foul Ball, location: 2F 2-2: Foul Ball, location: 2F 2-2: SINGLE (Flyball, 7S, EV 90.6 MPH) Ken Griffey IV scores
|
Pinch Hitting: SHB Rich McDonald
|
0-0: Foul Ball, location: 2F 0-1: Foul Ball, location: 2F 0-2: Ball 1-2: Ball 2-2: Foul Ball, location: 2F 2-2: Foul Ball, location: 2F 2-2: Ball 3-2: Base on Balls Zane Kelton to second
|
Pinch Hitting: RHB John Clark
|
0-0: Ball 1-0: Called Strike 1-1: 3-RUN HOME RUN (Flyball, 7LD, EV 96.9 MPH), Distance : 376 ft
|
Pitching: RHP Nate Vandergriff
|
|
Pinch Hitting: LHB Georges Lambert
|
0-0: Ball 1-0: Foul Ball, location: 2F 1-1: Ball 2-1: Swinging Strike 2-2: Strikes out looking
|
Batting: LHB Mick Tucker
|
0-0: Fly out, F4 (Popup, 34S, EV 71.2 MPH)
|
Top of the 7th over - 7 runs, 4 hits, 0 errors, 0 left on base; Colorado 11 - Palm Beach 1 |
BOTTOM OF THE 7TH |
Palm Beach Nationals batting - Pitching for Colorado Avalanche : RHP Don Carriere
|
Now at 3B: Rich McDonald
|
|
Now at SS: Georges Lambert
|
|
Now in LF: John Clark
|
|
Pinch Hitting: RHB Trent Spivey
|
0-0: Called Strike 0-1: Ground out 6-3 (Groundball, 6, EV 88.8 MPH)
|
Batting: RHB Armando Moreno
|
0-0: Fly out, F8 (Flyball, 78S, EV 96.2 MPH)
|
Batting: RHB Aaron Bateman
|
0-0: Called Strike 0-1: Foul Ball, location: 2F 0-2: Strikes out swinging
|
Bottom of the 7th over - 0 runs, 0 hits, 0 errors, 0 left on base; Colorado 11 - Palm Beach 1 |
TOP OF THE 8TH |
Colorado Avalanche batting - Pitching for Palm Beach Nationals : RHP Nate Vandergriff
|
Now at 3B: Trent Spivey
|
|
Batting: RHB Chris Tatum
|
0-0: Ball 1-0: Ball 2-0: Called Strike 2-1: Swinging Strike 2-2: SINGLE (Groundball, 6, EV 94.4 MPH)
|
Pinch Hitting: RHB Alex Valadez
|
0-0: Fly out, F2 (Popup, 25F, EV 82.5 MPH)
|
Pinch Hitting: SHB Oscar Barahona
|
0-0: Ball 1-0: Ball 2-0: Called Strike 2-1: Ball 3-1: Swinging Strike Pickoff Throw by Catcher to First - Error! E2 Chris Tatum to second 3-2: Base on Balls
|
Batting: RHB Wali Mulogo
|
0-0: Called Strike 0-1: Ball 1-1: Foul Ball, location: 2F 1-2: Strikes out looking
|
Pinch Hitting: RHB Josh Lofgreen
|
0-0: SINGLE (Line Drive, 78S, EV 103.1 MPH) Chris Tatum to third Oscar Barahona to second Runner from 3rd tries for Home, SAFE, throw by LF to home
|
Pinch Hitting: RHB Luis Mendoza
|
0-0: Fly out, F9 (Flyball, 9D, EV 103.1 MPH)
|
Top of the 8th over - 1 run, 2 hits, 1 error, 2 left on base; Colorado 12 - Palm Beach 1 |
BOTTOM OF THE 8TH |
Palm Beach Nationals batting - Pitching for Colorado Avalanche : RHP Don Carriere
|
Now at 2B: Josh Lofgreen
|
|
Now at 3B: Luis Mendoza
|
|
Now in LF: Alex Valadez
|
|
Now in CF: John Clark
|
|
Now in RF: Joe Shade
|
|
Batting: LHB Carlos Guadarrama
|
0-0: Ball 1-0: Called Strike 1-1: Ball 2-1: Swinging Strike 2-2: Foul Ball, location: 2F 2-2: Strikes out swinging
|
Batting: RHB Vasag Semerjian
|
0-0: Foul Ball, location: 2F 0-1: Ball 1-1: Ball 2-1: Ball 3-1: Foul Ball, location: 2F 3-2: Ground out 5-3 (Groundball, 56, EV 77.5 MPH)
|
Pitching: LHP Dan Ott
|
|
Batting: LHB Mike Hamilton
|
0-0: Ball 1-0: Foul Ball, location: 2F 1-1: Ball 2-1: Ball 3-1: Ground out 3-1 (Groundball, 13, EV 80.6 MPH)
|
Bottom of the 8th over - 0 runs, 0 hits, 0 errors, 0 left on base; Colorado 12 - Palm Beach 1 |
TOP OF THE 9TH |
Colorado Avalanche batting - Pitching for Palm Beach Nationals : RHP Nate Vandergriff
|
Batting: RHB John Clark
|
0-0: Ball 1-0: SINGLE (Groundball, 56D, EV 104.4 MPH)
|
Batting: LHB Georges Lambert
|
0-0: Ball 1-0: Ball 2-0: Foul Ball, location: 2F 2-1: Foul Ball, location: 2F 2-2: Fly out, F2 (Popup, 23F, EV 87.5 MPH)
|
Batting: LHB Mick Tucker
|
0-0: Ball 1-0: Called Strike 1-1: Foul Ball, location: 2F 1-2: Ball 2-2: Ball 3-2: Fielders Choice at 2nd, 4-6 (Groundball, 34, EV 76.9 MPH)
|
Pinch Hitting: RHB Keith Giarratano
|
0-0: Ball 1-0: Foul Ball, location: 2F 1-1: Called Strike 1-2: Strikes out swinging
|
Top of the 9th over - 0 runs, 1 hit, 0 errors, 1 left on base; Colorado 12 - Palm Beach 1 |
BOTTOM OF THE 9TH |
Palm Beach Nationals batting - Pitching for Colorado Avalanche : LHP Dan Ott
|
Now at C: Keith Giarratano
|
|
Pinch Hitting: RHB Kiyonaga Nakamura
|
0-0: Foul Ball, location: 2F 0-1: Called Strike 0-2: Ball 1-2: Foul Ball, location: 2F 1-2: Foul Ball, location: 2F 1-2: Foul Ball, location: 2F 1-2: SINGLE (Groundball, P, EV 78.8 MPH) (infield hit)
|
Pinch Hitting: RHB Scott Merritt
|
0-0: Ball 1-0: Foul Ball, location: 2F 1-1: Called Strike 1-2: Ball 2-2: Strikes out swinging
|
Pinch Hitting: RHB Jon Ortiz
|
0-0: Swinging Strike 0-1: Called Strike 0-2: Ball 1-2: Strikes out swinging
|
Pinch Hitting: RHB Colin Morris
|
0-0: Called Strike 0-1: Ball 1-1: Foul Ball, location: 2F 1-2: Ball 2-2: Foul Ball, location: 2F 2-2: Ball 3-2: Foul Ball, location: 2F 3-2: Strikes out swinging
|
Bottom of the 9th over - 0 runs, 1 hit, 0 errors, 1 left on base; Colorado 12 - Palm Beach 1 |
|